 Dungeon Crawl Stone Soup version 0.31-a0-165-g3f4f80340b (webtiles) character file.

Game seed: 3467488730975154909

107 qw the Shooter (level 4, -13/28 HPs)
             Began as a Gargoyle Hunter on June 13, 2023.
             Killed by divine providence
             ... invoked by an orc priest
              (15 damage)
             ... on level 3 of the Dungeon.
             The game lasted 00:00:53 (2223 turns).

qw the Shooter (Gargoyle Hunter)                    Turns: 2223, Time: 00:00:54

Health: -13/28     AC: 14    Str: 14 (15) XL:     4   Next: 85%
Magic:  4/4        EV: 10    Int:  6 (9)  God:
Gold:   130        SH:  0    Dex: 13 (15) Spells: 3/3 levels left

rFire   + . .        Y - +2 shortbow
rCold   . . .        (shield currently unavailable)
rNeg    + . .        g - +0 ring mail
rPois   inf          r - +0 helmet
rElec   +            (no cloak)
rCorr   .            d - +0 pair of gloves
SInv    .            (no boots)
Will    .....        (no amulet)
Stlth   +            o - ring of protection from fire
HPRegen 0.24/turn    k - +4 ring of protection
MPRegen 0.09/turn

%: no passive effects
@: no status effects
A: sickness immunity, AC +3, negative energy resistance 1, electricity
resistance, torment resistance 1, petrification resistance
a: no special abilities


You were on level 3 of the Dungeon.
You visited 1 branch of the dungeon, and saw 4 of its levels.

You collected 154 gold pieces.
You spent 24 gold pieces at shops.


Innate Abilities, Weirdness & Mutations

You are immune to sickness and miasma.
Your stone body is resilient. (AC +3)
You are immune to poison.
You resist negative energy. (rN+)
You are resistant to electric shocks. (rElec)
You are resistant to unholy torment.
You are immune to petrification.


   Skills:
 - Level 3.0 Fighting
 + Level 5.5 Ranged Weapons
 - Level 1.3 Armour
 - Level 1.5 Dodging
 - Level 1.1 Stealth


You had 3 spell levels left.
You didn't know any spells.
Your spell library was empty.

Inventory:

Hand Weapons
 Y - a +2 shortbow (weapon)
Armour
 d - a +0 pair of gloves (worn)
 g - a +0 ring mail (worn)
 r - a +0 helmet (worn)
Jewellery
 k - a +4 ring of protection (right hand)
 o - a ring of protection from fire (left hand)
 p - a ring of ice
Scrolls
 j - a scroll of identify
Potions
 b - 2 potions of attraction
 c - a potion of enlightenment {unknown}
 e - a potion of lignification
 f - a potion of haste {unknown}
 h - a potion of experience {unknown}
 l - a potion of resistance {unknown}
 m - 2 potions of curing

Dungeon Overview and Level Annotations

Branches:
Dungeon (4/15)
 Temple: D:4-7

Altars:
Hepliaklqana

Shops:
D:1 !?

Annotations:
D:3 1 runed translucent door, qw's ghost, amateur NaHu


Message History

The orc priest hits you with a +0 hand axe.
The orc hits you but does no damage.
The orc priest hits you but does no damage.
The orc barely misses you.
A kobold comes into view. It is wielding a +0 dagger.
2217 ||| STAIRDANCE The orc priest calls down the wrath of Beogh upon you.
Beogh smites you! The orc hits you but does no damage.
The orc barely misses you.
You climb upwards.
Level annotation: 1 runed translucent door, qw's ghost, amateur NaHu
There is a stone staircase leading down here.
You shoot an arrow. The arrow hits the orc priest.
The orc priest is lightly wounded.
The orc barely misses you. The orc hits you but does no damage.
The orc priest barely misses you.
You shoot an arrow.
The arrow closely misses the orc priest.
The orc barely misses you. The orc completely misses you.
The orc priest mumbles some strange prayers to Beogh against you.
You barely resist. You shoot an arrow.
The arrow hits the orc priest but does no damage.
The orc priest is lightly wounded.
The orc closely misses you. The orc barely misses you.
The orc priest mumbles some strange prayers to Beogh against you.
You are unaffected.
You shoot an arrow. The arrow hits the orc priest.
The orc priest is moderately wounded.
The orc hits you but does no damage.
The orc priest calls down the wrath of Beogh upon you.
Beogh smites you! The orc hits you but does no damage.
The orc priest closely misses you. The orc hits you but does no damage. x2
You shoot an arrow. The arrow hits the orc priest.
The orc priest is severely wounded.
The orc hits you but does no damage. x2
The orc priest mumbles some strange prayers to Beogh against you.
Beogh smites you!
Ouch! That really hurt!
You die...

#####..>#
#.......#
....#...#
#.......#
###.#...#
#.......#
#<#.#...#
#.......#
#.#.#...#
####.######
#...#...# #....#
#####.### #.####
....#.#
#)########
###.#.#
#@o......######
#.#.###
#oo....#......#
#.....###
###....#......#
#.......#
#....#......##
#...!.#.#
#....#.......###
#.....#.#
#....'..........
#.....#.#
#....#........##
#.....#.#
#....#......#..#
##.....#.##
#....#########..


You could see an orc priest and 2 orcs.

Vanquished Creatures
  A gnoll (D:4)
  3 adders
  A worm (D:2)
  4 dart slugs
  2 orcs (D:4)
  5 ball pythons
  5 endoplasms
  4 giant cockroaches
  2 goblins
  6 hobgoblins
  3 jackals (D:2)
  A quokka (D:3)
  5 bats (D:1)
  5 frilled lizards
  7 kobolds
  A rat (D:1)
55 creatures vanquished.

Notes
Turn   | Place    | Note
-------+----------+-------------------------------------------
     0 | D:1      | qw the Gargoyle Hunter began the quest for the Orb.
     0 | D:1      | Reached XP level 1. HP: 12/12 MP: 1/1
     0 | D:1      | 0 ||| qw: Version: 0.2-a-29-gc1b59c4
     0 | D:1      | 0 ||| qw: Game counter: 4695
     0 | D:1      | 0 ||| qw: Always use a shield: true
     0 | D:1      | 0 ||| qw: God list: Okawaru
     0 | D:1      | 0 ||| qw: Allow faded altars: false
     0 | D:1      | 0 ||| qw: Do Orc after D:15 true
     0 | D:1      | 0 ||| qw: Do second Lair branch before Depths: true
     0 | D:1      | 0 ||| qw: Lair rune preference: random
     0 | D:1      | 0 ||| qw: Plans: Normal, Zot:1-4, Slime:5, God:TSO, Crypt,
                  | Tomb, Abyss, Pan, Hells, Win
     0 | D:1      | 0 ||| PLANNING D:1-11
    46 | D:1      | Reached XP level 2. HP: 11/17 MP: 2/2
    49 | D:1      | HP: 4/17 [giant cockroach (2)]
    55 | D:1      | HP: 1/17 [hobgoblin (2)]
   348 | D:1      | Found Irerch's Distillery.
   360 | D:1      | 360 ||| SHOPLISTING potion of curing (39 gold, have 32).
   360 | D:1      | 360 ||| SHOPLISTING potion of heal wounds (65 gold, have
                  | 32).
   360 | D:1      | 360 ||| SHOPLISTING potion of lignification (39 gold, have
                  | 32).
   367 | D:1      | Reached XP level 3. HP: 21/21 MP: 3/3
   513 | D:1      | Found Figa's Magic Scroll Shoppe.
   516 | D:1      | 516 ||| SHOPLISTING 3 scrolls of identify (72 gold, have
                  | 32).
   516 | D:1      | 516 ||| BUYING scroll of identify (24 gold).
   516 | D:1      | Bought a scroll of identify for 24 gold pieces
   516 | D:1      | 516 ||| SHOPLISTING scroll of teleportation (36 gold, have
                  | 8).
   516 | D:1      | 516 ||| UPGRADING to +0 pair of gloves.
   521 | D:1      | 521 ||| UPGRADING to +0 ring mail.
   531 | D:1      | 531 ||| DROPPING +0 leather armour.
   532 | D:1      | 532 ||| DRINKING 2 sapphire potions.
   571 | D:1      | 571 ||| DROPPING scroll of butterflies.
   726 | D:2      | Found a hazy altar of Hepliaklqana.
   770 | D:2      | Reached skill level 1 in Armour
   864 | D:2      | Reached skill level 5 in Ranged Weapons
   946 | D:2      | Reached XP level 4. HP: 27/27 MP: 4/4
  1054 | D:2      | Found a faded altar of an unknown god.
  1540 | D:2      | Reached skill level 3 in Fighting
  1584 | D:2      | 1584 ||| UPGRADING to +0 helmet.
  1589 | D:2      | 1589 ||| UPGRADING to ring of protection from fire.
  1590 | D:2      | 1590 ||| READING scroll labelled JOIROTEWNOC.
  1691 | D:2      | 1691 ||| READING scroll labelled KEONWE MIDAER.
  1692 | D:2      | 1692 ||| READING scroll labelled OFEBBUYGIWN.
  1693 | D:2      | 1693 ||| READING scroll labelled HYMENG PIPTO.
  1694 | D:2      | 1694 ||| READING scroll labelled XAHETR QAEPUUMP.
  1695 | D:2      | 1695 ||| DRINKING 2 ruby potions.
  1696 | D:2      | 1696 ||| READING 2 scrolls of identify.
  1696 | D:2      | 1696 ||| IDENTIFYING bubbling cyan potion
  1697 | D:2      | 1697 ||| DROPPING potion of degeneration.
  1764 | D:3      | Found a runed translucent door.
  1767 | D:3      | Noticed qw's ghost (amateur NaHu)
  1826 | D:3      | 1826 ||| READING scroll of enchant weapon.
  1826 | D:3      | 1826 ||| ENCHANTING +1 shortbow.
  1843 | D:3      | 1843 ||| FLEEEEING.
  2131 | D:3      | 2131 ||| UPGRADING to +4 ring of protection.
  2132 | D:3      | 2132 ||| READING scroll labelled NUIDDA XAVOARU.
  2137 | D:3      | 2137 ||| DRINKING 3 bubbling purple potions.
  2138 | D:3      | 2138 ||| READING 2 scrolls of identify.
  2138 | D:3      | 2138 ||| IDENTIFYING fuming cyan potion
  2139 | D:3      | 2139 ||| DROPPING potion of ambrosia.
  2192 | D:4      | 2192 ||| FLEEEEING.
  2193 | D:4      | 2193 ||| FLEEEEING.
  2194 | D:4      | 2194 ||| STAIRDANCE
  2217 | D:4      | 2217 ||| STAIRDANCE
  2222 | D:3      | HP: 2/28 [orc priest/divine providence (7)]
  2223 | D:3      | Killed from afar by an orc priest

Levels and vault maps discovered:
D:1:      lemuel_arrival_lava_pool, layout_rooms, serial_shops, shop_statue,
          nicolae_shop_rolled_up
D:2:      layout_basic, hellmonk_ecumenical_altar_arch_garden, basic_altar,
          minmay_octomino_c4
D:3:      layout_basic, ebering_ghost_reflecting_pool, corexii_leaking_fountain
D:4:      layout_basic, mainiacjoe_overflow_cross_hatched,
          minmay_misc_feat_hallway, uniq_edmund

Skill      XL: |  1  2  3  4 |
---------------+-------------+-----
Armour         | 1 |  1.3
Ranged Weapons | 5 |  5.5
Fighting       | 3 |  3.0
Dodging        | |  1.5
Stealth        | |  1.1

Action                     |  1- 3 |  4- 6 || total
---------------------------+-------+-------++-------
   Fire: Shortbow          |   114 |    61 ||   175
    Use: Potion            |     1 |     2 ||     3
         Scroll            |       |     9 ||     9
 Armour: Leather armour    |    32 |       ||    32
         Ring mail         |     6 |    29 ||    35
  Dodge: Dodged            |    42 |    25 ||    67

Table legend:
 A = Non-vault XP
 B = Vault XP
 C = Vault XP percentage of total XP
 D = Non-vault monster count
 E = Vault monster count
 F = Vault count percentage of total count
                 A         B        C        D         E       F
            +---------+---------+-------+---------+---------+-------
      Total |     140 |      13 |   8.5 |      49 |       6 |  10.9
            +---------+---------+-------+---------+---------+-------
        D:1 |      35 |       0 |   0.0 |      22 |       0 |   0.0
        D:2 |      44 |      13 |  22.8 |      15 |       6 |  28.6
        D:3 |      28 |       0 |   0.0 |       8 |       0 |   0.0
        D:4 |      33 |       0 |   0.0 |       4 |       0 |   0.0
            +---------+---------+-------+---------+---------+-------
